Map: Prion Terraces

Players

jayce - Winner!

  • Race: Protoss Protoss
  • League: Gold

lesha

  • Race: Terran Terran
  • League: Gold

VOD

Have the link to the VOD?

Description

Time

  • Played on: Jan. 9, 2016, 8:24 a.m.
  • Length: 3:27
Show
View Real Time Build Order
Export as new Build Order

jayce Protoss - Winner!

Build Orders:  

Get SALT Encoding   

  12  0:03  Probe (Chrono Boost)  
  13  0:14  Probe (Chrono Boost)  
  14  0:21  Pylon  
  14  0:24  Probe (Chrono Boost)  
  15  0:40  Probe (Chrono Boost)  
  15  0:42  Forge  
  16  0:50  Probe (Chrono Boost)  
  17  0:59  Pylon  
  17  1:10  Probe (Chrono Boost)  
  18  1:21  Probe (Chrono Boost)  
  19  1:28  Gateway  
  19  1:30  Photon Cannon  
  19  1:31  Probe (Chrono Boost)  
  20  1:37  Photon Cannon  
  20  1:53  Pylon  
  19  2:05  Probe (Chrono Boost)  
  19  2:15  Probe (Chrono Boost), Zealot (Chrono Boost)  
  22  2:22  Assimilator  
  22  2:27  Probe, Photon Cannon  
  22  2:29  Cybernetics Core  
  23  2:39  Probe, Zealot (Chrono Boost)  
  26  2:48  Photon Cannon  
  26  2:51  Probe  
  26  2:52  Pylon  
  27  3:03  Zealot (Chrono Boost)  
  27  3:04  Probe  
Show
View Real Time Build Order
Export as new Build Order

lesha Terran 

Build Orders:  

Get SALT Encoding   

  12  0:01  SCV  
  13  0:13  SCV  
  14  0:18  Supply Depot  
  14  0:25  SCV  
  15  0:41  Barracks  
  15  0:44  Refinery  
  15  0:45  SCV  
  16  0:57  SCV  
  17  1:09  SCV  
  18  1:21  SCV  
  19  1:33  Reaper  
  19  1:34  Orbital Command  
  20  1:48  Bunker  
  20  1:59  Barracks  
  16  2:20  Reaper  
  17  2:27  SCV  
  17  2:28  Barracks  
  18  2:37  Supply Depot x2  
  18  2:39  SCV  
  18  3:04  Marine  
Tags
 
Add a new tag
Caveats
  • Supply blocks, unpowered buildings, or Contaminate may cause inaccurate times.
  • Supply counts are checked every 10 seconds.